 Seeded DCSS version 0.30.1-11-g7821555f0a (webtiles) character file.

Game seed: 1004201911576861818 (custom seed)

384 Nonny the Covert (level 7, -4/40 HPs)
             Began as a Kobold Brigand on Dec 1, 2023.
             Was an Initiate of Gozag.
             Shot with a sling bullet by a goblin (6 damage)
             ... on level 4 of the Dungeon.
             The game lasted 00:06:43 (2890 turns).

Nonny the Covert (Kobold Brigand)                   Turns: 2890, Time: 00:06:44

Health: -4/40      AC:  4    Str:  8    XL:     7   Next: 6%
Magic:  7/7        EV: 16    Int: 11    God:    Gozag
Gold:   128        SH:  0    Dex: 18    Spells: 6/6 levels left

rFire   . . .        a - +2 dagger
rCold   . . .        (no shield)
rNeg    . . .        b - +0 robe
rPois   .            o - +0 helmet
rElec   .            c - +0 cloak
rCorr   .            (no gloves)
SInv    .            (no boots)
Will    .....        (no amulet)
Stlth   +++++        (no ring)
HPRegen 0.26/turn    (no ring)
MPRegen 0.10/turn

%: no passive effects
@: no status effects
A: small, no large weapons, nightstalker 3, dopey 1, high MP 1
a: Renounce Religion, Potion Petition, Call Merchant, Bribe Branch


You were on level 4 of the Dungeon.
You worshipped Gozag.
Gozag was aware of your devotion.
You visited 2 branches of the dungeon, and saw 5 of its levels.

You collected 217 gold pieces.
You paid 89 gold pieces to Gozag.

Inventory:

Hand Weapons
 a - a +2 dagger (weapon)
Missiles
 d - 20 poisoned darts
 e - 3 curare-tipped darts
 g - 48 stones (quivered)
 h - a throwing net
Armour
 b - a +0 robe (worn)
 c - a +0 cloak (worn)
 o - a +0 helmet (worn)
Scrolls
 l - a scroll of acquirement {unknown}
 m - a scroll of fog {unknown}
 n - a scroll of immolation {unknown}
 q - a scroll of torment {unknown}
 r - a scroll of magic mapping {unknown}
Potions
 i - a potion of degeneration {unknown}
 j - a potion of curing
 k - a potion of might
 p - a potion of attraction


   Skills:
 - Level 2.1 Fighting
 + Level 5.5 Short Blades
 - Level 2.1 Throwing
 + Level 3.8 Dodging
 + Level 8.5 Stealth


You had 6 spell levels left.
You didn't know any spells.
Your spell library contained the following spells:

 Spells                   Type           Power      Damage    Failure   Level
 Magic Dart               Conj           0%         1d3       34%         1
 Call Imp                 Summ           0%         N/A       47%         2
 Mephitic Cloud           Conj/Pois/Air  0%         N/A       71%         3


Dungeon Overview and Level Annotations

Branches:
Dungeon (4/15)             Temple (1/1) D:4

Altars:
Ashenzari
Gozag
Kikubaaqudgha
Nemelex Xobeh
Yredelemnul
The Shining One

Shops:
D:2 *(((!


Innate Abilities, Weirdness & Mutations

You are small and have problems with some larger weapons.
You are completely attuned to the shadows.
You are dopey. (Int -2)
You have an increased reservoir of magic. (+10% MP)


Message History

The gnoll is heavily wounded.
The gnoll barely misses you.
You hit the gnoll.
The gnoll is heavily wounded.
The gnoll hits you with a +0 flail!
You hit the gnoll.
The gnoll is severely wounded.
The gnoll is no longer distracted by gold.
The gnoll misses you.
The gnoll is distracted by your dazzling golden aura.
The gnoll shouts!
You closely miss the gnoll.
The gnoll is severely wounded.
You hit the gnoll.
You kill the gnoll!
Things that are here:
6 gold pieces; a +0 flail The gnoll is no longer distracted by gold.
A goblin comes into view. It is wielding a +0 dagger.
The gnoll hits you with a +0 spear!
* * * LOW HITPOINT WARNING * * *
Unknown command.
Okay, then.
You feel better.
The goblin unwields a +0 dagger.
The goblin wields a +0 sling.
The goblin shoots a sling bullet.
The sling bullet closely misses you. The gnoll hits you with a +0 spear.
* * * LOW HITPOINT WARNING * * *
Unknown command.
You hit the gnoll but do no damage. The gnoll hits you with a +0 spear.
* * * LOW HITPOINT WARNING * * *
The goblin shoots a sling bullet.
The sling bullet hits you.
* * * LOW HITPOINT WARNING * * *
Unknown command.
Okay, then.
It was a potion of mutation.
You feel extremely strange.
You feel stupid.
You feel more energetic. The gnoll closely misses you.
The goblin shoots a sling bullet.
The sling bullet hits you.
You die...
Your body crumbles into a pile of gold.

......+ ......#
......####
........>#
#####g##.#
#.##.# #....#
###..# ##@##
#$g# #$##
#######[#
######.......#
.............#
............##
............#
#.####.........#


You could see a gnoll and a goblin.

Vanquished Creatures
  Edmund (D:4)
  A phantom (Temple)
  A hound (D:4)
  An orc priest (D:4)
  Robin (D:4)
  4 gnolls
  3 adders
  A worm (D:2)
  4 orcs
  2 endoplasms
  A giant cockroach (D:1)
  9 goblins
  9 hobgoblins
  10 kobolds
  2 quokkas
  6 ball pythons
  5 bats
  3 frilled lizards (D:2)
  5 rats
69 creatures vanquished.

Notes
Turn   | Place    | Note
-------+----------+-------------------------------------------
     0 | D:1      | Nonny the Kobold Brigand began the quest for the Orb.
     0 | D:1      | Reached XP level 1. HP: 12/12 MP: 1/1
   207 | D:1      | Reached XP level 2. HP: 15/17 MP: 2/2
   482 | D:1      | Reached skill level 6 in Stealth
   843 | D:2      | Found Idyff's Distillery.
   891 | D:2      | Found Bahi's Weapon Shop.
   961 | D:2      | Reached XP level 3. HP: 14/21 MP: 3/3
  1277 | D:2      | Found Olaf's General Store.
  1405 | D:2      | Found Sexeit's Antique Weapon Emporium.
  1502 | D:2      | Found Mahigg's Weapon Emporium.
  1547 | D:2      | Reached skill level 7 in Stealth
  1547 | D:2      | Reached XP level 4. HP: 13/26 MP: 4/4
  2077 | D:4      | Noticed Robin
  2146 | D:4      | Killed Robin
  2297 | D:4      | Found a sparkling altar of Nemelex Xobeh.
  2330 | D:4      | Noticed a phantom
  2342 | D:4      | Found a glowing golden altar of the Shining One.
  2364 | D:4      | Noticed Edmund
  2391 | D:4      | Found a staircase to the Ecumenical Temple.
  2397 | Temple   | Entered the Ecumenical Temple
  2430 | Temple   | Became a worshipper of Gozag Ym Sagoz the Greedy
  2460 | D:4      | Killed Edmund
  2461 | D:4      | Reached skill level 8 in Stealth
  2461 | D:4      | Reached XP level 5. HP: 30/30 MP: 5/5
  2461 | D:4      | Reached XP level 6. HP: 35/35 MP: 6/6
  2633 | Temple   | Reached skill level 5 in Short Blades
  2872 | D:4      | Reached XP level 7. HP: 31/40 MP: 7/7
  2889 | D:4      | HP: 2/40 [goblin/sling bullet (6)]
  2890 | D:4      | Gained mutation: You are dopey. (Int -2) [potion of
                  | mutation]
  2890 | D:4      | Gained mutation: You have an increased reservoir of magic.
                  | (+10% MP) [potion of mutation]
  2890 | D:4      | Shot with a sling bullet by a goblin

Illustrated notes

Levels and vault maps discovered:
D:1:      sevenhm_arrival_forest_fort_small_4, layout_basic
D:2:      layout_loops_corners, serial_shops, shop, shop, nicolae_shop_trees,
          shop, nicolae_shop_getting_attention, minmay_close_crescents
D:3:      layout_rooms, mainiacjoe_overflow_swirl, ebering_ghost_sewer_d,
          lightli_corner_chamber
D:4:      layout_basic, nicolae_overflow_crystal_walls,
          nicolae_overflow_hidden_temple, nemelex_xobeh_ov_fountains_minmay,
          minmay_temple_entry_junction_2, uniq_robin, uniq_edmund,
          uniq_crazy_yiuf_cottage
Temple:   nicolae_temple_bog_church

Skill      XL: |  1  2  3  4  5  6 |
---------------+-------------------+-----
Stealth        | 6 7 8 |  8.5
Short Blades   | 3 4 5 |  5.5
Dodging        | 2 3 |  3.8
Fighting       | |  2.1
Throwing       | |  2.1

Action                     |  1- 3 |  4- 6 |  7- 9 || total
---------------------------+-------+-------+-------++-------
  Melee: Dagger            |    75 |   155 |    14 ||   244
  Throw: Dart              |       |     1 |       ||     1
    Use: Potion            |     1 |     4 |     2 ||     7
         Scroll            |       |     6 |       ||     6
   Stab: Sleeping          |    20 |     4 |       ||    24
         Invisible         |       |     2 |       ||     2
 Armour: Robe              |     5 |    34 |       ||    39
         Skin              |       |    30 |       ||    30
  Dodge: Dodged            |    34 |   100 |     9 ||   143
